 Dungeon Crawl Stone Soup version 0.22-a0-815-gb582571 (webtiles) character file.

28 iamserjio the Firebug (level 3, -6/19 HPs)
             Began as a Tengu Fire Elementalist on July 23, 2018.
             Mangled by a gnoll
             ... wielding a +0 flail
              (12 damage)
             ... on level 2 of the Dungeon.
             The game lasted 00:03:40 (588 turns).

iamserjio the Firebug (Tengu Fire Elementalist)      Turns: 588, Time: 00:03:40

Health: -6/19      AC:  2    Str:  8    XL:     3   Next: 14%
Magic:  3/8        EV: 12    Int: 16    God:
Gold:   43         SH:  0    Dex: 14    Spells: 6/7 levels left

rFire    . . .     SeeInvis .   k - +0 short sword
rCold    . . .     Gourm    .   (no shield)
rNeg     . . .     Faith    .   a - +0 robe
rPois    .         Spirit   .   (helmet restricted)
rElec    .         Reflect  .   (no cloak)
rCorr    .         Harm     .   (no gloves)
MR       .....                  (boots unavailable)
Stlth    ++........             (no amulet)
HPRegen  0.06/turn              (no ring)
MPRegen  0.11/turn              (no ring)

@: very slightly contaminated
A: beak, talons 3
a: no special abilities


You were on level 2 of the Dungeon.
You were not hungry.

You visited 1 branch of the dungeon, and saw 2 of its levels.

You collected 43 gold pieces.

Inventory:

Hand Weapons
 e - a +0 dagger
 k - a +0 short sword (weapon)
Missiles
 d - 6 tomahawks (quivered)
 j - 19 sling bullets
Armour
 a - a +0 robe (worn)
Jewellery
 h - an uncursed ring of positive energy {unknown}
Scrolls
 i - 4 scrolls of magic mapping {unknown}
 m - a scroll of identify {unknown}
Potions
 b - a potion of might {unknown}
 f - 2 potions of invisibility {unknown}
 g - a potion of flight {unknown}
 l - 2 potions of heal wounds {unknown}
Comestibles
 c - 6 rations


   Skills:
 - Level 2.1 Dodging
 - Level 2.0 Stealth
 * Level 2.7 Spellcasting
 + Level 2.2 Conjurations
 + Level 3.6 Fire Magic


You had 6 spell levels left.
You knew the following spells:

 Your Spells              Type           Power        Failure   Level  Hunger
a - Flame Tongue          Conj/Fire      ##...        6%          1    #......

Your spell library contained the following spells:

 Spells                   Type           Power        Failure   Level  Hunger
 Fireball                 Conj/Fire      ##........   85%         5    ######.
 Conjure Flame            Conj/Fire      ##......     17%         3    ###....
 Throw Flame              Conj/Fire      ##....       9%          2    ##.....
 Sticky Flame             Conj/Fire      ##......     50%         4    #####..
 Inner Flame              Hex/Fire       #.......     26%         3    ###....


Dungeon Overview and Level Annotations

Branches:
Dungeon (2/15)

Altars:
Nemelex Xobeh
Wu Jian


Innate Abilities, Weirdness & Mutations

You have a beak for a mouth.
You have claws for feet.


Message History

The gnoll shouts!
You hear a shout!
The gnoll misses you.
A gnoll comes into view. It is wielding a halberd.
The gnoll completely misses you.
A worm comes into view.
A goblin comes into view.
The goblin shouts!
The goblin wields a hunting sling.
The goblin shoots a stone.
The stone hits you.
You see here a stone.
The goblin shoots a stone.
The stone completely misses you.
The stone barely misses the gnoll.
The goblin shoots a stone.
The stone hits you.
You see here a stone.
The goblin shoots a stone.
The stone hits you.
The goblin shoots a stone.
The stone barely misses you.
The stone hits the gnoll.
The gnoll hits you with a flail!
Ouch! That really hurt!
You die... ♣♣♣.#......##.# ... #......#..# PP.

#........# ♣..
#......#
♣.###......#
..##......g#########
..#...#####(g......#
#.†.#.#####...(w...#
...##........(.g@..#
.##########....r..g#
## ##########


You could see a worm, 3 gnolls, a quokka and a goblin.

Vanquished Creatures
  An ooze (D:2)
  2 giant cockroaches
  5 goblins (D:1)
  2 hobgoblins
  A quokka (D:2)
  3 bats
  4 frilled lizards
  4 kobolds
  3 rats
25 creatures vanquished.

Notes
Turn   | Place    | Note
-------+----------+-------------------------------------------
     0 | D:1      | iamserjio the Tengu Fire Elementalist began the quest for the Orb.
     0 | D:1      | Reached XP level 1. HP: 10/10 MP: 4/4
   157 | D:1      | Reached XP level 2. HP: 13/15 MP: 3/6
   440 | D:2      | Found an ornate altar of the Wu Jian Council.
   531 | D:2      | Found a sparkling altar of Nemelex Xobeh.
   542 | D:2      | Reached XP level 3. HP: 18/19 MP: 2/8
   588 | D:2      | Mangled by a gnoll

Vault maps used:
D:1:      matt_arrival_los_fun
D:2:      wad_woods_stonehenge, lemuel_doored_altar, serial_glass,
          glass_columns_a, glass_columns_a, glass_columns_a, glass_columns_a,
          glass_columns_a, glass_columns_a

Skill      XL: |  1  2 |
---------------+-------+-----
Conjurations   | 2 |  2.2
Dodging        | |  2.1
Stealth        | |  2.0
Spellcasting   | |  2.7
Fire Magic     | |  3.6

Action                   || total
-------------------------++-------
Melee: Dagger            ||     2
       Kick              ||     2
       Unarmed           ||     1
       Short sword       ||    11
       Peck              ||     1
 Cast: Flame Tongue      ||    27
 Stab: Sleeping          ||     2
Armor: Robe              ||     6
Dodge: Dodged            ||    25

Table legend:
 A = Spawn XP
 B = Non-spawn XP
 C = Spawn XP percentage of total XP
 D = Spawn monster count
 E = Non-spawn monster count
 F = Spawn count percentage of total count
 G = Total turns spent on level
                    A         B        C        D         E        F      G
               +---------+---------+-------+---------+---------+-------+---------
         Total |       0 |      41 |   0.0 |       0 |      25 |   0.0 |   588
               +---------+---------+-------+---------+---------+-------+---------
           D:1 |       0 |      22 |   0.0 |       0 |      16 |   0.0 |   433
           D:2 |       0 |      19 |   0.0 |       0 |       9 |   0.0 |   155
               +---------+---------+-------+---------+---------+-------+---------
